 Dungeon Crawl Stone Soup version 0.27.0-1-g7a089689b8 (webtiles) character file.

Game seed: 1660706174994537677

1 hawla the Sneak (level 1, 0/13 HPs)
             Began as a Deep Elf Delver on Aug 6, 2021.
             Slain by an iguana (3 damage)
             ... on level 4 of the Dungeon.
             The game lasted 00:01:15 (231 turns).

hawla the Sneak (Deep Elf Delver)                    Turns: 231, Time: 00:01:15

Health: 0/13       AC:  3    Str:  9    XL:     1   Next: 16%
Magic:  3/3        EV: 12    Int: 14    God:
Gold:   25         SH:  0    Dex: 16    Spells: 0/0 levels left

rFire    . . .     SeeInvis .   a - +0 short sword
rCold    . . .     Faith    .   (no shield)
rNeg     . . .     Spirit   .   b - +0 leather armour
rPois    .         Reflect  .   (no helmet)
rElec    .         Harm     .   (no cloak)
rCorr    .         Rampage  .   (no gloves)
Will     .....                  (no boots)
Stlth    +++.......             (no amulet)
HPRegen  0.04/turn              (no ring)
MPRegen  0.08/turn              (no ring)

@: hasted, very quick
A: no striking features
a: no special abilities


You were on level 4 of the Dungeon.
You visited 1 branch of the dungeon, and saw 2 of its levels.

You collected 25 gold pieces.

Inventory:

Hand Weapons
 a - a +0 short sword (weapon)
Armour
 b - a +0 leather armour (worn)
Wands
 g - a wand of digging (3)
 h - a wand of iceblast (9)
Scrolls
 c - a scroll of fog
 d - a scroll of magic mapping
 e - a scroll of fear


   Skills:
 + Level 2.4 Fighting
 + Level 2.0 Short Blades
 + Level 2.4 Dodging
 + Level 6.1 Stealth


You couldn't memorise any spells.
You didn't know any spells.
Your spell library was empty.

Dungeon Overview and Level Annotations

Branches:
Dungeon (5/15)
 Temple: D:4-7

Altars:
Xom


Message History

Found an ivory wand.
A quokka is nearby!
The helpless quokka fails to defend itself.
You impale the quokka!!
You kill the quokka!
h - a wand of iceblast (9)
You open the door.
The walls suddenly crumble! 5 dream sheep come into view.
A dream sheep catches fire!
The dream sheep bleats in terror.
A dream sheep catches fire!
The dream sheep bleats in terror.
A dream sheep catches fire!
The dream sheep bleats in terror.
A dream sheep catches fire!
The dream sheep is struck with panic!
A dream sheep catches fire!
The dream sheep bleats in terror.
You hear mad divine giggling.
Found a shimmering altar of Xom.
The dream sheep burns! x5
The dream sheep burns! x5
The dream sheep burns! x4
The dream sheep burns! x4
You start waiting.
You hear an explosion! x5; You hear a shout!
An iguana comes into view.
There is a stone staircase leading down here.
No target in view!
You start waiting.
Done waiting.
You now have 25 gold pieces (gained 12).
An iguana comes into view.
The iguana bites you!
Ouch! That really hurt!
* * * LOW HITPOINT WARNING * * *
You are too injured to fight recklessly!
You are too injured to fight recklessly!
You feel yourself speed up. The iguana bites you.
You die...

## ..# #.# ##.# ...
#.### ..####.#.#.# .#
#.##...@l..# ##.#
#.##.#.####### ...# #.#
#.......# ## ##.. #.#
#######.# ..#.... #.#
#.## ..#.#.# #.# #..#
....#.####.##########.##
.........>.............#
....#.#.################


You could see an iguana.

Vanquished Creatures
  A quokka (D:4)
1 creature vanquished.

Vanquished Creatures (others)
  5 dream sheep (D:4)
5 creatures vanquished.

Grand Total: 6 creatures vanquished

Notes
Turn   | Place    | Note
-------+----------+-------------------------------------------
     0 | D:5      | hawla the Deep Elf Delver began the quest for the Orb.
     0 | D:5      | Reached XP level 1. HP: 13/13 MP: 3/3
    70 | D:4      | Noticed a dream sheep
    70 | D:4      | Noticed a dream sheep
    70 | D:4      | Noticed a dream sheep
    70 | D:4      | Noticed a dream sheep
    70 | D:4      | Noticed a dream sheep
    70 | D:4      | Found a shimmering altar of Xom.
    76 | D:4      | Killed a dream sheep
    76 | D:4      | Killed a dream sheep
    76 | D:4      | Killed a dream sheep
    76 | D:4      | Killed a dream sheep
    76 | D:4      | Killed a dream sheep
    99 | D:4      | Noticed an iguana
   229 | D:4      | Noticed an iguana
   231 | D:4      | Slain by an iguana

Illustrated notes

Levels and vault maps discovered:
D:4:      layout_basic, kb_xom_exploding_sheep,
          mainiacjoe_overflow_large_starburst, lightli_temple_of_fire,
          grunt_ministairs_1, minmay_cupped
D:5:      layout_loops_corners, gammafunk_temple_overflow_wave, minitemple,
          grunt_decor_fettered, uniq_duvessa

Action                   || total
-------------------------++-------
Melee: Short sword       ||     1
  Use: Potion            ||     1
 Stab: Sleeping          ||     1
